 Dungeon Crawl Stone Soup version 0.23.2-40-g277498a001 (webtiles) character file.

Game seed: 11782269163956353507

102038 KPOPmixtape the Severer (level 15, -13/151 HPs)
             Began as a Deep Dwarf Monk on Aug 31, 2019.
             Was the Champion of Makhleb.
             Killed from afar by Nikola (27 damage)
             ... with a chain lightning
             ... on level 1 of the Elven Halls.
             The game lasted 01:05:52 (23914 turns).

KPOPmixtape the Severer (Deep Dwarf Monk)          Turns: 23914, Time: 01:05:52

Health: -13/151    AC: 31    Str: 20    XL:     15   Next: 85%
Magic:  26/26      EV:  5    Int: 12    God:    Makhleb [******]
Gold:   491        SH: 13    Dex: 15    Spells: 14/14 levels left

rFire    + . .     SeeInvis .   t - +5 broad axe (vamp)
rCold    + . .     Gourm    .   I - +3 buckler {AC+3}
rNeg     + + .     Faith    .   X - +1 crystal plate armour
rPois    .         Spirit   .   c - +1 helmet
rElec    .         Reflect  +   r - scarf {rC+ rF+}
rCorr    .         Harm     .   p - +0 pair of gloves
MR       +++..                  w - +0 pair of boots
Stlth    ..........             O - +4 amulet of reflection
HPRegen  0.00/turn              M - ring of protection from magic
MPRegen  0.20/turn              y - ring of positive energy

@: non-regenerating, studying Fighting
A: damage resistance, heal wounds, negative energy resistance 1, sense
surroundings 2, no regeneration
a: Heal Wounds, Minor Destruction, Lesser Servant of Makhleb, Major Destruction,
Greater Servant of Makhleb, Renounce Religion


You were on level 1 of the Elven Halls.
You worshipped Makhleb.
Makhleb was exalted by your worship.
You were not hungry.

You visited 5 branches of the dungeon, and saw 25 of its levels.
You also visited: Ossuary and Bailey.

You collected 2658 gold pieces.
You spent 2167 gold pieces at shops.

Inventory:

Hand Weapons
 t - a +5 vampiric broad axe (weapon)
 N - a +9 broad axe of electrocution
 Y - the cursed +0 morningstar of the Mind {crush, rElec rC+ MP+9}
   (You found it on level 6 of the Lair of Beasts)

   It inflicts extra damage upon your enemies.
   It protects you from cold.
   It insulates you from electricity.
   It affects your magic capacity (+9).
   It has a curse placed upon it.
Armour
 c - a +1 helmet (worn)
 p - a +0 pair of gloves (worn)
 r - a scarf of resistance (worn)
 w - a +0 pair of boots (worn)
 G - a +0 shield of reflection
 I - a +3 buckler of protection (worn)
 X - a +1 crystal plate armour (worn)
Jewellery
 b - a +2 amulet of reflection
 y - a ring of positive energy (right hand)
 C - an uncursed amulet of guardian spirit
 M - a ring of protection from magic (left hand)
 O - a +4 amulet of reflection (around neck)
 S - an uncursed ring of resist corrosion
Wands
 E - a wand of enslavement (9)
 J - a wand of flame (21)
 T - a wand of random effects (10)
 V - a wand of acid (11)
Scrolls
 e - 6 scrolls of immolation
 f - 4 scrolls of fog
 g - 15 scrolls of teleportation
 h - 11 scrolls of remove curse
 j - 4 scrolls of amnesia
 n - a scroll of random uselessness {unknown}
 q - 5 scrolls of blinking
 z - 5 scrolls of magic mapping {unknown}
 B - 3 scrolls of enchant armour
 D - 4 scrolls of identify
 L - a scroll of silence
 P - a scroll of holy word
 U - 3 scrolls of fear
 Z - a scroll of vulnerability {unknown}
Potions
 a - a potion of cancellation
 d - 9 potions of haste
 i - 5 potions of agility
 k - a potion of mutation
 l - a potion of resistance
 m - 3 potions of brilliance
 o - 4 potions of flight
 u - 19 potions of curing
 v - 6 potions of heal wounds
 x - a potion of invisibility
 A - 2 potions of might
 F - 2 potions of magic
 K - 4 potions of degeneration
 Q - a potion of ambrosia
Books
 R - a manual of Fighting
Miscellaneous
 H - a lightning rod (4/4)
 W - a phial of floods
Comestibles
 s - 39 rations


   Skills:
 + Level 14.0 Fighting
 * Level 17.1 Axes
 + Level 12.2 Armour
 - Level 3.2 Dodging
 - Level 2.4 Stealth
 + Level 6.3 Shields
 + Level 16.6 Invocations


You had 14 spell levels left.
You didn't know any spells.
Your spell library contained the following spells:

 Spells                   Type           Power        Failure   Level  Hunger
 Corona                   Hex            #......      100%        1    ##.....
 Freeze                   Ice            #...         100%        1    ##.....
 Magic Dart               Conj           #...         100%        1    ##.....
 Blink                    Tloc           N/A          100%        2    ###....
 Call Imp                 Summ           #.......     100%        2    ###....
 Ensorcelled Hibernation  Hex/Ice        #.....       100%        2    ###....
 Slow                     Hex            #.......     100%        2    ###....
 Swiftness                Chrm/Air       #.......     100%        2    ###....
 Throw Frost              Conj/Ice       #.....       100%        2    ###....
 Confuse                  Hex            #.......     100%        3    ####...
 Conjure Flame            Conj/Fire      #.......     100%        3    ####...
 Dazzling Spray           Conj/Hex       #.....       100%        3    ####...
 Mephitic Cloud           Conj/Pois/Air  #.......     100%        3    ####...
 Ozocubu's Armour         Chrm/Ice       #.......     100%        3    ####...
 Recall                   Summ/Tloc      N/A          100%        3    ####...
 Tukima's Dance           Hex            #.......     100%        3    ####...
 Animate Dead             Necr           N/A          100%        4    #####..
 Summon Ice Beast         Ice/Summ       #.......     100%        4    #####..
 Summon Lightning Spire   Summ/Air       #.......     100%        4    #####..
 Throw Icicle             Conj/Ice       #.......     100%        4    #####..
 Borgnjor's Vile Clutch   Necr/Erth      #.........   100%        5    ######.
 Silence                  Hex/Air        #.........   100%        5    ######.
 Death Channel            Necr           #.........   100%        6    #######
 Deflect Missiles         Chrm/Air       #.........   100%        6    #######
 Simulacrum               Ice/Necr       #.........   100%        6    #######


Dungeon Overview and Level Annotations

Branches:
Dungeon (15/15)            Temple (1/1) D:4            Lair (6/6) D:8
 Shoals (0/4) Lair:2       Spider (0/4) Lair:2        Slime (0/5) Lair:5
    Orc (2/2) D:9             Elf (1/3) Orc:2        Vaults (0/5) D:14
 Depths (0/5) D:15

Altars:
Ashenzari
Cheibriados
Dithmenos
Elyvilon
Gozag
Hepliaklqana
Kikubaaqudgha
Makhleb
Nemelex Xobeh
Okawaru
Qazlal
Ru
Sif Muna
Trog
Uskayaw
Vehumet
Wu Jian
Xom
Yredelemnul
The Shining One
Beogh

Shops:
D:7 :   D:11 ?   D:12 *   D:13 *   Orc:2 ??:[

Portals:
Pandemonium: Orc:2
Trove: D:15 (give +7 demon trident)

Annotations:
D:2 1 runed translucent door, Crazy Yiuf
D:4 exclusion: downstairs
D:8 Psyche
Lair:1 1 runed translucent door
Lair:4 Josephine
Elf:1 Nikola


Innate Abilities, Weirdness & Mutations

You are resistant to damage.
You can heal yourself by infusing magical energy.
You resist negative energy. (rN+)
You passively map the area around you.
You do not regenerate.


Message History

There is an open door here.
You open the door.
There is an open door here.
There is an open door here.
There is an open door here.
There is an open door here.
You open the door.
There is an open door here.
You open the door.
Nikola the Mad Inventor comes into view.
He is wielding a +0 rapier of electrocution.
Nikola shouts!
Found a scroll of enchant weapon and 14 gold pieces.
Found a ration.
There is an open door here.
Nikola gestures wildly while chanting.
You hear a mighty clap of thunder!
The lightning arc hits you!!
* * * LOW HITPOINT WARNING * * *
The lightning arc hits Nikola.
The lightning arc hits you!!
You die...

* #.# ##.## , #.###.## ***
###)##'## * ##+##
##.....## + .....#
##.......## ....$.#
#...<.....# # .......
#.........###### * ,
.......###.........'....'
,,+
,.......'@'.........######
* *, .......###.........#
# * ....@.. ##.......## #
.....%# ##.....## #
.....#* ####### *#####


You could see Nikola.

Vanquished Creatures
  Kirke (D:13)
  A fire giant (D:15)
  An orc warlord (Orc:2)
  2 vampire knights (D:13)
  A fire dragon (D:14)
  4 hydras
  Erica (Orc:1)
  4 catoblepae
  3 centaur warriors
  7 dancing weapons (Elf:1)
  A tengu warrior (D:15)
  8 two-headed ogres
  8 orc high priests
  An ogre mage (D:14)
  A fire crab (shapeshifter) (D:15)
  2 deep elf knights (Elf:1)
  2 unseen horrors
  A torturous demonspawn (Orc:2)
  A gelid demonspawn (Orc:2)
  Pikel (D:8)
  2 wolf spiders (Lair:6)
  4 orc knights (Orc:2)
  6 orc sorcerers
  A wolf spider zombie (D:14)
  8 deep elf magi (Elf:1)
  4 cyclopes
  An ugly thing (D:12)
  2 manticores (D:14)
  15 black mambas
  2 rust devils (Orc:2)
  An elephant (Lair:5)
  A guardian serpent (Lair:6)
  A torpor snail (Lair:6)
  2 kobold demonologists
  19 spiny frogs
  A rime drake (Lair:5)
  An ice devil (Orc:2)
  A yaktaur (D:14)
  7 komodo dragons
  9 polar bears (Lair:6)
  3 trolls
  A blink frog (Lair:5)
  Prince Ribbit (D:7)
  A hornet (Lair:6)
  A blink frog (shapeshifter) (D:14)
  Grinder (D:5)
  2 dream sheep (Lair:5)
  7 hippogriffs
  2 raiju (Lair:6)
  A centaur simulacrum (D:15)
  5 vampires
  A water elemental (Elf:1)
  12 wyverns
  36 yaks
  Eustachio (D:5)
  8 wraiths
  2 hogs (D:13)
  A hungry ghost (D:9)
  3 basilisks
  7 vampire mosquitoes
  A chaos spawn (Orc:2)
  Menkaure (Ossuary)
  A soldier ant (D:12)
  10 wargs
  An acid dragon (D:15)
  13 hell hounds (Lair:6)
  6 porcupines
  24 water moccasins
  16 black bears
  4 ice beasts
  A hornet zombie (D:11)
  22 orc warriors
  An eye of draining (D:12)
  6 sky beasts
  16 wolves
  7 phantoms
  9 ogres
  15 crocodiles
  15 centaurs
  4 big kobolds
  21 bullfrogs
  2 gnoll sergeants
  A wyvern zombie (D:11)
  7 scorpions
  A troll zombie (D:9)
  6 wights
  6 killer bees
  4 howler monkeys
  5 crimson imps
  2 centaur zombies (D:11)
  9 hounds
  21 jellies
  A quasit (D:12)
  29 orc priests
  A bullfrog skeleton (D:12)
  3 centaur skeletons
  4 iguanas
  Ijyb (D:3)
  Terence (D:3)
  15 orc wizards
  6 worker ants
  5 ogre zombies (D:9)
  A hound zombie (D:7)
  4 mummies
  3 worker ant zombies
  Robin (D:2)
  14 adders
  12 gnolls
  5 shadow imps
  3 oozes
  2 adder skeletons
  An adder zombie (D:8)
  2 worms
  2 dart slugs
  4 leopard geckos
  108 orcs
  6 bats
  6 giant cockroaches
  4 gnoll zombies (Ossuary)
  14 goblins
  10 hobgoblins
  13 jackals
  27 kobolds
  8 quokkas
  5 ball pythons
  5 frilled lizards
  2 gnoll skeletons (Ossuary)
  4 goblin skeletons
  3 goblin zombies
  4 hobgoblin skeletons
  11 hobgoblin zombies
  8 kobold skeletons (Ossuary)
  3 kobold zombies (Ossuary)
  A leopard gecko zombie (D:6)
  5 orc skeletons
  15 orc zombies
  14 rats
  6 rat skeletons (Ossuary)
  2 rat zombies (Ossuary)
  7 fungi
  6 plants
910 creatures vanquished.

Vanquished Creatures (collateral kills)
  Gastronok (Lair:1)
  An orc high priest (Orc:2)
  A cyclops (Orc:2)
  2 orc sorcerers (Orc:2)
  A black mamba (Lair:6)
  A komodo dragon (Lair:6)
  A hornet (Lair:6)
  2 wyverns (Lair:6)
  2 wargs (Orc:2)
  A water moccasin (Lair:6)
  2 black bears (D:8)
  9 orc warriors
  A crocodile (Lair:6)
  2 orc priests (Orc:2)
  6 orcs (Orc:2)
  A kobold (Bailey)
34 creatures vanquished.

Vanquished Creatures (others)
  Nessos (Lair:6)
  3 slaves (D:8)
  An orc priest (D:8)
  A worker ant (D:8)
  2 orcs
  A goblin skeleton (Ossuary)
  A kobold skeleton (Ossuary)
  17 fungi
  25 plants
  7 toadstools (Lair:1)
59 creatures vanquished.

Grand Total: 1003 creatures vanquished

Notes
Turn   | Place    | Note
-------+----------+-------------------------------------------
     0 | D:1      | KPOPmixtape the Deep Dwarf Monk began the quest for the
                  | Orb.
     0 | D:1      | Reached XP level 1. HP: 20/20 MP: 1/1
   292 | D:1      | Reached XP level 2. HP: 14/27 MP: 2/2
   376 | D:1      | Reached skill level 4 in Axes
   531 | D:1      | Reached XP level 3. HP: 7/34 MP: 3/3
   924 | D:1      | Reached skill level 5 in Axes
   924 | D:1      | Reached XP level 4. HP: 15/42 MP: 4/4
  1517 | D:2      | Found a white marble altar of Elyvilon.
  1517 | D:2      | Found an ornate altar of the Wu Jian Council.
  1592 | D:2      | Noticed Robin
  1617 | D:2      | Killed Robin
  1617 | D:2      | Reached XP level 5. HP: 31/50 MP: 5/5
  1768 | D:2      | Found a runed translucent door.
  1769 | D:2      | Noticed Crazy Yiuf
  2095 | D:3      | Noticed Terence
  2322 | D:3      | Noticed Ijyb
  2351 | D:3      | Paralysed by Ijyb for 2 turns
  2356 | D:3      | Paralysed by Ijyb for 2 turns
  2372 | D:3      | Killed Ijyb
  2395 | D:3      | Killed Terence
  2395 | D:3      | Reached skill level 6 in Axes
  2438 | D:3      | Reached XP level 6. HP: 28/57 MP: 6/6
  2592 | D:3      | Found a faded altar of an unknown god.
  3047 | D:3      | You fall through a shaft for 3 floors!
  3166 | D:7      | Reached skill level 7 in Axes
  3532 | D:8      | Noticed a porcupine
  3532 | D:8      | Noticed Psyche
  3588 | D:7      | Reached XP level 7. HP: 11/66 MP: 7/7
  3598 | D:7      | HP: 3/66 [bullfrog (3)]
  3695 | D:6      | Reached skill level 5 in Fighting
  3695 | D:6      | Reached skill level 8 in Axes
  3731 | D:5      | Entered Level 5 of the Dungeon
  3731 | D:5      | Found a shimmering altar of Xom.
  3731 | D:5      | Noticed Grinder
  3897 | D:4      | Found a staircase to the Ecumenical Temple.
  3907 | Temple   | Entered the Ecumenical Temple
  3965 | Temple   | Became a worshipper of Makhleb the Destroyer
  3965 | Temple   | Reached * piety under Makhleb
  3965 | Temple   | Reached ** piety under Makhleb
  4137 | D:4      | Found a sand-covered staircase.
  4144 | Ossuary  | Entered an ossuary
  4323 | Ossuary  | Reached *** piety under Makhleb
  4486 | Ossuary  | Noticed Menkaure
  4497 | Ossuary  | Killed Menkaure
  4497 | Ossuary  | Reached skill level 9 in Axes
  4497 | Ossuary  | Reached XP level 8. HP: 23/75 MP: 8/8
  5635 | D:5      | Reached **** piety under Makhleb
  5636 | D:5      | Reached skill level 10 in Axes
  5675 | D:5      | Paralysed by Grinder for 7 turns
  5683 | D:5      | Killed Grinder
  5969 | D:5      | Noticed Eustachio
  6000 | D:5      | Killed Eustachio
  6402 | D:6      | Reached skill level 11 in Axes
  6402 | D:6      | Gained mutation: You passively map the area around you.
                  | [Deep Dwarf growth]
  6402 | D:6      | Reached XP level 9. HP: 47/85 MP: 9/9
  6665 | D:7      | Found a stormy altar of Qazlal.
  6691 | D:7      | Noticed Prince Ribbit
  7039 | D:7      | Reached skill level 1 in Invocations
  7055 | D:7      | Killed Prince Ribbit
  7123 | D:7      | Found Xumoeff's Book Shoppe.
  7325 | D:8      | Reached skill level 12 in Axes
  7389 | D:8      | Noticed a smoke demon
  7477 | D:8      | Found a sparkling altar of Nemelex Xobeh.
  7478 | D:8      | Found a hide-covered altar of Uskayaw.
  7744 | D:8      | Noticed Pikel
  7753 | D:8      | Killed Pikel
  7753 | D:8      | Reached XP level 10. HP: 37/96 MP: 11/13
  7830 | D:8      | Found a staircase to the Lair.
  7921 | D:8      | Found a deep blue altar of Sif Muna.
  7928 | D:8      | Found a hazy altar of Hepliaklqana.
  7999 | D:8      | Reached skill level 5 in Invocations
  8021 | D:8      | Found a roughly hewn altar of Beogh.
  8199 | D:8      | Reached ***** piety under Makhleb
  8261 | D:8      | Reached skill level 13 in Axes
  8675 | D:9      | Found a flagged portal.
  8683 | Bailey   | Entered a bailey
  8747 | Bailey   | Found a burning altar of Makhleb.
  8979 | D:9      | Found a staircase to the Orcish Mines.
  9004 | D:9      | Reached skill level 1 in Shields
  9497 | D:10     | Entered Level 10 of the Dungeon
  9617 | D:10     | Noticed a two-headed ogre
  9626 | D:10     | Killed a two-headed ogre
  9713 | D:10     | Reached XP level 11. HP: 104/104 MP: 15/15
 10361 | Lair:1   | Entered Level 1 of the Lair of Beasts
 10612 | D:11     | Noticed a two-headed ogre
 10638 | D:11     | Killed a two-headed ogre
 10638 | D:11     | Reached skill level 14 in Axes
 10920 | D:11     | Reached ****** piety under Makhleb
 10936 | D:11     | Noticed a two-headed ogre
 11135 | D:11     | Noticed a two-headed ogre
 11143 | D:11     | Killed a two-headed ogre
 11143 | D:11     | Reached skill level 10 in Fighting
 11187 | D:11     | Found Sabrou's Magic Scroll Boutique.
 11206 | D:11     | Reached skill level 10 in Invocations
 11246 | D:11     | Reached skill level 1 in Armour
 11259 | D:11     | Killed a two-headed ogre
 11297 | D:11     | Bought 3 scrolls of blinking for 337 gold pieces
 11621 | D:12     | Noticed a green ugly thing
 11632 | D:12     | Killed a green ugly thing
 11784 | D:12     | Noticed a two-headed ogre
 12052 | Lair:1   | Reached XP level 12. HP: 19/117 MP: 19/19
 12223 | Lair:1   | Noticed Gastronok
 12620 | Lair:1   | Noticed an eight-headed hydra
 12654 | Lair:1   | Killed an eight-headed hydra
 12734 | Lair:1   | Noticed a dire elephant
 12754 | Lair:1   | Found a runed translucent door.
 12846 | Lair:1   | Killed Gastronok
 13037 | Lair:2   | Reached skill level 5 in Armour
 13038 | Lair:2   | Found a staircase to the Shoals.
 13083 | Lair:2   | Found a hole to the Spider Nest.
 14013 | Lair:3   | Noticed a catoblepas
 14032 | Lair:3   | Noticed a four-headed hydra
 14254 | Lair:3   | Killed a four-headed hydra
 14806 | Lair:4   | Noticed a four-headed hydra
 15036 | Lair:4   | Identified the Collected Works on Lightness
 15127 | Lair:4   | Killed a four-headed hydra
 15467 | Lair:4   | Noticed Josephine
 15727 | Lair:5   | Reached XP level 13. HP: 78/128 MP: 21/21
 15816 | Lair:5   | Found a staircase to the Slime Pits.
 16843 | Lair:6   | Entered Level 6 of the Lair of Beasts
 16843 | Lair:6   | Noticed Nessos
 16923 | Lair:6   | Your ally died
 17508 | Lair:6   | Got a brightly glowing morningstar
 17509 | Lair:6   | Identified the cursed +0 morningstar of the Mind {crush,
                  | rElec rC+ MP+9} (You found it on level 6 of the Lair of
                  | Beasts)
 17511 | Lair:6   | Identified a scroll of acquirement
 17691 | Lair:6   | Reached skill level 10 in Armour
 17854 | Lair:6   | Gained mutation: You resist negative energy. (rN+) [Deep
                  | Dwarf growth]
 17854 | Lair:6   | Reached XP level 14. HP: 139/139 MP: 24/24
 17977 | Lair:6   | Reached skill level 15 in Invocations
 18906 | D:12     | Reached skill level 15 in Axes
 19172 | D:12     | Found Guakk's Serpentskin Sales.
 19429 | D:13     | Noticed a vampire knight
 19434 | D:13     | Killed a vampire knight
 19435 | D:13     | Noticed a vampire knight
 19436 | D:13     | Found the +12 Vampire's Tooth {vamp}
 19460 | D:13     | Killed a vampire knight
 19797 | D:13     | Found Voiluoj's Assorted Antiques.
 19800 | D:13     | Bought a green potion for 24 gold pieces
 19800 | D:13     | Bought a scroll of identify for 54 gold pieces
 19800 | D:13     | Bought a scroll of identify for 54 gold pieces
 20236 | D:13     | Noticed Kirke
 20249 | D:13     | Killed Kirke
 20547 | D:14     | Found a gate to the Vaults.
 21234 | D:15     | Entered Level 15 of the Dungeon
 21306 | D:15     | Found a staircase to the Depths.
 21306 | D:15     | Noticed a fire giant
 21316 | D:15     | Killed a fire giant
 21316 | D:15     | Reached skill level 16 in Axes
 21358 | D:15     | Reached XP level 15. HP: 123/148 MP: 25/25
 21445 | D:15     | Found a portal to a secret trove of treasure.
 21579 | D:15     | Found a stormy altar of Qazlal.
 22048 | Orc:1    | Entered Level 1 of the Orcish Mines
 22059 | Orc:1    | Noticed Erica
 22079 | Orc:1    | Killed Erica
 22309 | Orc:1    | You fall through a shaft!
 22309 | Orc:2    | Entered Level 2 of the Orcish Mines
 22309 | Orc:2    | Noticed an orc warlord
 22321 | Orc:2    | Killed an orc warlord
 22465 | Orc:2    | Found a staircase to the Elven Halls.
 22545 | Orc:2    | Found Kas Taps's Magic Scroll Boutique.
 22560 | Orc:2    | Found Kellig's Magic Scroll Shop.
 22624 | Orc:2    | Bought a scroll of teleportation for 42 gold pieces
 22713 | Orc:2    | Reached skill level 5 in Shields
 22837 | Orc:2    | Found Quuto's Antique Armour Shoppe.
 22837 | Orc:2    | Found a one-way gate leading to the halls of Pandemonium.
 22837 | Orc:2    | Found Kates's Book Emporium.
 22841 | Orc:2    | Bought a manual of Fighting for 1656 gold pieces
 23307 | Elf:1    | Entered Level 1 of the Elven Halls
 23390 | Elf:1    | Reached skill level 17 in Axes
 23912 | Elf:1    | Noticed Nikola
 23914 | Elf:1    | Killed from afar by Nikola

Skill      XL: |  1  2  3  4  5  6  7  8  9 10 11 12 13 14 15 |
---------------+----------------------------------------------+-----
Axes           | 4 5 6 7 9 11 12 13 14 16 17 | 17.1
Fighting       | 3 4 5 6 7 8 10 11 12 13 14 | 14.0
Invocations    | 4 7 10 13 14 15 16 | 16.6
Shields        | 4 6 |  6.3
Armour         | 3 7 10 11 12 | 12.2
Dodging        | |  3.2
Stealth        | |  2.4

Action                   |  1- 3 |  4- 6 |  7- 9 | 10-12 | 13-15 || total
-------------------------+-------+-------+-------+-------+-------++-------
Melee: Hand axe          |    89 |   300 |   318 |  1125 |   353 ||  2185
       War axe           |       |       |   362 |    11 |       ||   373
       Broad axe         |       |       |       |       |   881 ||   881
Throw: Tomahawk          |     2 |       |       |       |       ||     2
Invok: Lesser Servant of |       |       |     2 |     6 |       ||     8
       Minor Destruction |       |       |       |    22 |       ||    22
       Greater Servant o |       |       |       |       |     1 ||     1
 Abil: Heal Wounds       |     1 |     3 |     6 |     4 |       ||    14
Evoke: Wand              |       |     8 |    33 |       |     8 ||    49
       Lightning rod     |       |       |       |     4 |       ||     4
  Use: Scroll            |       |     9 |     9 |     9 |    18 ||    45
       Potion            |       |       |       |     2 |       ||     2
 Stab: Sleeping          |     3 |       |       |       |       ||     3
       Paralysed         |       |     8 |       |       |       ||     8
       Distracted        |       |       |       |       |     2 ||     2
  Eat: Chunk             |       |     6 |    11 |    11 |    18 ||    46
       Ration            |       |     1 |     1 |     5 |     4 ||    11
Armor: Robe              |    11 |       |       |       |       ||    11
       Plate armour      |    18 |   210 |   449 |   532 |   244 ||  1453
       Crystal plate arm |       |       |       |       |   388 ||   388
Dodge: Dodged            |    41 |    68 |   196 |   224 |   227 ||   756
Block: Buckler           |       |       |       |   300 |   629 ||   929
       Reflection        |       |       |       |     1 |    20 ||    21
